 Dungeon Crawl Stone Soup version 0.30-a0-622-gddc90eaa04 (webtiles) character file.

Game seed: 6459215917514252093

76294 hikkokomori the Warrior (level 16, -5/138 (143) HPs)
             Began as a Formicid Fighter on Jan 11, 2023.
             Was a High Priest of Okawaru.
             Slain by a spark wasp (16 damage)
             ... on level 1 of the Spider Nest.
             The game lasted 01:10:49 (22991 turns).

hikkokomori the Warrior (Formicid Fighter)         Turns: 22991, Time: 01:10:49

HP:   -5/138 (143)  AC:  9    Str: 33    XL:     16   Next: 1%
MP:   10/24         EV: 19    Int: 21    God:    Okawaru [*****.]
Gold: 1455          SH: 22    Dex: 19    Spells: 14/26 levels left

rFire   + . .      SeeInvis +    p - +8 trident "Eprunkog" {freeze, rPois rC+ rCorr Stlth+}
rCold   + + .      Faith    +    F - +7 kite shield of Ifoimum {Rampage rC+ Int+4 Slay+2 Stlth-}
rNeg    . . .      Spirit   .    Y - +8 chain mail of the Beginning {Harm rF+ Regen+ Str+4}
rPois   +          Reflect  .    (helmet unavailable)
rElec   .          Harm     +    a - +2 cloak
rCorr   +          Rampage  +    P - +0 pair of gloves {infuse}
Will    .....                    j - +1 pair of boots
Stlth   ++                       A - amulet "Jitakkig" {Faith Will- Str+5 Int+4}
HPRegen 1.23/turn                r - +5 ring of evasion
MPRegen 0.19/turn                I - +6 ring of dexterity

@: heroic, finesse-ful, corroded, lightly drained
A: permanent stasis, dig shafts and tunnels, antennae 3, four strong arms
a: Dig, Shaft Self, Renounce Religion, Heroism, Finesse, Duel


You were on level 1 of the Spider Nest.
You worshipped Okawaru.
Okawaru was extremely pleased with you.
You visited 5 branches of the dungeon, and saw 20 of its levels.
You also visited: Bailey and Gauntlet.

You collected 2456 gold pieces.
You spent 1001 gold pieces at shops.

Inventory:

Hand Weapons
 p - the +8 trident "Eprunkog" (weapon) {freeze, rPois rC+ rCorr Stlth+}
   (You found it on level 2 of the Dungeon)

   rC:        It protects you from cold.
   rPois:     It protects you from poison.
   rCorr:     It protects you from acid and corrosion.
   Stlth:     It makes you more stealthy.
 X - the +6 bardiche "Qufuch" {vamp, rElec rPois Dex+2}
   (Okawaru gifted it to you on level 3 of the Lair of Beasts)

   Dex:       It affects your dexterity (+2).
   rElec:     It insulates you from electricity.
   rPois:     It protects you from poison.
Missiles
 u - 3 throwing nets
 w - 10 javelins (quivered)
 C - 8 boomerangs of dispersal
 Q - 4 silver javelins
Armour
 a - a +2 cloak (worn)
 j - a +1 pair of boots (worn)
 x - a +2 pair of gloves
 F - the +7 kite shield of Ifoimum (worn) {Rampage rC+ Int+4 Slay+2 Stlth-}
   (You took it off Donald in the Arena)

   Int:       It affects your intelligence (+4).
   Slay:      It affects your accuracy & damage with ranged weapons and melee
   (+2).
   rC:        It protects you from cold.
   Rampage:   It bestows one free step when moving towards enemies.
   Stlth:     It makes you less stealthy.
 L - the +3 chain mail of the Salamander {Fly Dex+4}
   (You found it in a bailey)

   Dex:       It affects your dexterity (+4).
   Fly:       It grants you flight.
 P - a +0 pair of gloves of infusion (worn)
 U - the +3 scale mail of Cup Maub {Int+7}
   (Okawaru gifted it to you on level 10 of the Dungeon)

   Int:       It affects your intelligence (+7).
 Y - the +8 chain mail of the Beginning (worn) {Harm rF+ Regen+ Str+4}
   (You bought it in a shop on level 2 of the Orcish Mines)

   Str:       It affects your strength (+4).
   rF:        It protects you from fire.
   Regen:     It increases your rate of health regeneration.
   Harm:      It increases damage dealt and taken.
 Z - a +1 robe of the Archmagi
Jewellery
 e - an amulet of faith
 r - a +5 ring of evasion (left hand)
 A - the amulet "Jitakkig" (around neck) {Faith Will- Str+5 Int+4}
   (You bought it in a shop on level 2 of the Orcish Mines)

   [amulet of faith]

   It allows you to gain divine favour quickly.
   Str:       It affects your strength (+5).
   Int:       It affects your intelligence (+4).
   Will:      It decreases your willpower.
 I - a +6 ring of dexterity (right hand)
 M - an amulet of magic regeneration
 R - a ring of fire
Wands
 t - a wand of polymorph (17)
 B - a wand of flame (71)
 G - a wand of light (2)
 H - a wand of roots (10)
 N - a wand of mindburst (5)
 T - a wand of digging (4)
 V - a wand of paralysis (7)
Scrolls
 i - 7 scrolls of amnesia
 k - 6 scrolls of fog
 l - 3 scrolls of poison
 m - 4 scrolls of enchant armour
 n - a scroll of identify
 q - 2 scrolls of fear
 v - 2 scrolls of magic mapping
 y - 2 scrolls of silence
 K - 3 scrolls of brand weapon
 O - 2 scrolls of vulnerability
 S - 2 scrolls of enchant weapon
Potions
 b - 5 potions of ambrosia
 c - a potion of invisibility
 d - 4 potions of might
 f - 7 potions of heal wounds
 h - 5 potions of curing
 o - 2 potions of lignification
 s - 8 potions of brilliance
 z - 3 potions of flight
 D - 2 potions of attraction
 J - a potion of magic
 W - 7 potions of mutation
Miscellaneous
 g - a phial of floods
 E - a tin of tremorstones (2/2)


   Skills:
 + Level 18.2(23.2) Fighting
 - Level 2.5(7.5) Maces & Flails
 + Level 12.2(17.2) Polearms
 - Level 8.4(13.4) Throwing
 + Level 10.5(15.5) Armour
 - Level 4.4(9.4) Dodging
 - Level 5.0(10.0) Stealth
 + Level 12.3(17.3) Shields
 - Level 5.8 Spellcasting
 - Level 3.9 Translocations
 - Level 4.2 Poison Magic
 - Level 7.4 Invocations
 - Level 6.2 Evocations


You had 14 spell levels left.
You knew the following spells:

 Your Spells              Type           Power      Damage    Failure   Level
a - Vhi's Electric Charg  Tloc/Air       28%        N/A       47%         3
b - Lee's Rapid Deconstr  Erth           3%         3d5*      100%        5
c - Olgreb's Toxic Radia  Pois           23%        N/A       56%         4

Your spell library contained the following spells:

 Spells                   Type           Power      Damage    Failure   Level
 Sting                    Tmut/Pois      56%        1d5       17%         1
 Gell's Gravitas          Tloc           22%        N/A       24%         3
 Lesser Beckoning         Tloc           44%        N/A       24%         3
 Teleport Other           Tloc           22%        N/A       24%         3
 Poisonous Vapours        Pois/Air       28%        N/A       26%         2
 Static Discharge         Conj/Air       12%        2-3/arc   52%         2
 Kindle Blastsparks       Fire/Tloc/Air  22%        2d11      56%         3
 Passage of Golubria      Tloc           22%        N/A       61%         4
 Stone Arrow              Conj/Erth      12%        3d7       77%         3
 Iskenderun's Mystic Bla  Conj/Tloc      14%        2d5       87%         4
 Fulminant Prism          Conj/Hex       3%         3d5       99%         4
 Alistair's Intoxication  Tmut/Pois      9%         N/A       99%         5
 Arcjolt                  Conj/Air       3%         1d13      100%        5
 Borgnjor's Vile Clutch   Necr/Erth      3%         N/A       100%        5
 Lightning Bolt           Conj/Air       3%         1d14      100%        5
 Yara's Violent Unravell  Hex/Tmut       3%         3d4       100%        5
 Eringya's Noxious Bog    Tmut/Pois      7%         N/A       100%        6
 Lehudib's Crystal Spear  Conj/Erth      3%         10d2      100%        8
 Tukima's Dance           Hex            Unusable   N/A       N/A         3
 Animate Armour           Summ/Erth      Unusable   N/A       N/A         4

Dungeon Overview and Level Annotations

Branches:
Dungeon (11/15)            Temple (1/1) D:7            Lair (5/5) D:11
 Shoals (0/4) Lair:2       Spider (1/4) Lair:2        Slime (0/5) Lair:5
    Orc (2/2) D:11            Elf (0/3) Orc:2        Bailey (visited)
Gauntlet (visited)

Altars:
Ashenzari
Cheibriados
Dithmenos
Elyvilon
Fedhas
Gozag
Hepliaklqana
Kikubaaqudgha
Makhleb
Nemelex Xobeh
Okawaru
Qazlal
Ru
Sif Muna
Trog
Uskayaw
Vehumet
Wu Jian
Xom
Yredelemnul
Zin
The Shining One

Shops:
Orc:2 *[=(


Innate Abilities, Weirdness & Mutations

You cannot be hasted, slowed, berserked, paralysed or teleported.
You can dig through walls and to a lower floor.
You have a pair of large antennae on your head. (SInv)
Your four strong arms can wield two-handed weapons with a shield.


Message History

The entropy weaver misses you. The tarantella misses you.
You block the redback's attack.
The death scarab's many legs skitter faintly.
You block the redback's attack. You block the jumping spider's attack.
The jumping spider bites you.
* * * LOW HITPOINT WARNING * * *
The redback closely misses you. You block the redback's attack.
The jumping spider leaps!
You can now deal lightning-fast blows.
You block the redback's attack. The redback bites you.
* * * LOW HITPOINT WARNING * * *
The jumping spider leaps!
You block the spark wasp's attack. The redback bites you!
* * * LOW HITPOINT WARNING * * *
Unknown command.
Aiming: Duel (36% risk of failure)
Press: ? - help, Dir - move target, f - redback
Aim: a redback
Okay, then.
Press: ? - help, v - describe, . - travel
Here: an entropy weaver (severely wounded)
A web.
You feel the dreadful sensation subside.
The +8 trident "Eprunkog" {freeze, rPois rC+ rCorr Stlth+} glows with a cold blue light!
p - the +8 trident "Eprunkog" (weapon)
{freeze, rPois rC+ rCorr Stlth+} You block the redback's attack. x2; You block the entropy weaver's attack.
The entropy weaver hits you but does no damage.
The entropy weaver hits you.
* * * LOW HITPOINT WARNING * * *
The entropy weaver hits you!
* * * LOW HITPOINT WARNING * * *
You block the spark wasp's attack.
Unknown command.
You feel much better. You block the redback's attack. The redback misses you.
The redback bites you!
* * * LOW HITPOINT WARNING * * *
You block the entropy weaver's attack. The entropy weaver hits you.
* * * LOW HITPOINT WARNING * * *
You block the entropy weaver's attack. x2; The spark wasp stings you!
You die...

#.##.#........#.#...#.....
...................#^.....
........†.....#...........
......†<###.°.#...........
..##.##††..............#
.. .................# ...
...........s###...... ..
............sBs.##^##. .
...#......#..@ssy....#
.##.....#....BsyB...... .#
.........#..^#.#.#.##
..#........## .
..........#.#
#..#...^.##.. ......[...#
#.. .#..#...#.# ..


You could see 2 entropy weavers, 2 spark wasps, a jumping spider, a death
scarab, 2 tarantellas and 3 redbacks.

Vanquished Creatures
  Saint Roka (Orc:2)
  Donald (Arena)
  An orc warlord (Orc:2)
  Nessos (Lair:3)
  A minotaur (Gauntlet)
  2 entropy weavers (Spider:1)
  Josephine (D:10)
  3 hydras (Lair:3)
  2 ogre magi (Orc:1)
  A boulder beetle (D:11)
  2 two-headed ogres
  4 death yaks (Lair:4)
  3 orc high priests (Orc:2)
  Urug (Lair:1)
  The ghost of Cecillian the Cleaver, a novice DgFi (D:7)
  A wretched star (Gauntlet)
  Lodul (D:10)
  5 orc knights
  A lindwurm (Lair:3)
  4 oklob plants (Lair:1)
  A deep elf pyromancer (Bailey)
  7 orc sorcerers
  An ugly thing (D:11)
  A will-o-the-wisp (Lair:4)
  A cyclops (D:11)
  10 elephants (Lair:3)
  The ghost of TrayleKats the Trooper, a novice NaWr (D:6)
  4 black mambas
  Maurice (D:8)
  A merfolk siren (Lair:2)
  A demonic crawler (Spider:1)
  A minotaur zombie (Gauntlet)
  An unseen horror (D:10)
  Psyche (D:8)
  A rime drake (Lair:4)
  11 cane toads
  2 kobold demonologists
  4 komodo dragons
  A queen bee (Lair:1)
  2 trolls
  3 meliai (Gauntlet)
  7 polar bears
  A tarantella (Spider:1)
  6 dream sheep
  10 hornets
  A blink frog (Lair:5)
  2 culicivoras (Spider:1)
  11 spriggans (Lair:5)
  7 wyverns
  4 wraiths (D:10)
  42 yaks
  2 steam dragons
  3 basilisks
  3 redbacks (Spider:1)
  Grum (Lair:1)
  2 vampire mosquitoes (Lair:4)
  A neqoxec (Gauntlet)
  6 wargs
  11 water moccasins
  2 floating eyes (Orc:1)
  44 orc warriors
  5 swamp drakes
  3 ice beasts
  5 black bears (Lair:5)
  28 ogres
  31 wolves
  4 boggarts (Lair:5)
  3 centaurs
  3 phantoms
  The ghost of GiantSquids the Changer, an amateur OpTm (D:3)
  Blork the orc (D:4)
  10 bullfrogs
  3 gnoll sergeants
  4 kobold brigands
  10 scorpions
  2 necrophages
  A water moccasin zombie (D:3)
  13 wights
  37 killer bees
  5 electric eels
  9 howler monkeys
  2 centaur zombies (D:3)
  3 jellies
  26 orc priests
  A gnoll bouda (Orc:2)
  Crazy Yiuf (D:5)
  7 hounds (D:6)
  A bullfrog skeleton (D:3)
  2 iguanas
  28 orc wizards
  34 gnolls
  10 adders
  4 shadow imps
  2 white imps
  2 ufetubi
  5 worms
  A dart slug (D:2)
  101 orcs
  5 ball pythons
  7 bats
  10 endoplasms
  2 giant cockroaches
  12 goblins
  6 hobgoblins
  4 jackals (D:1)
  3 quokkas
  9 frilled lizards
  12 kobolds
  8 rats
  2 bushes (Lair:5)
747 creatures vanquished.

Vanquished Creatures (others)
  An electric eel (D:11)
  An orc wizard (Orc:1)
  2 foxfires (Lair:4)
  36 fungi
  129 plants
169 creatures vanquished.

Grand Total: 916 creatures vanquished

Notes
Turn   | Place    | Note
-------+----------+-------------------------------------------
     0 | D:1      | hikkokomori the Formicid Fighter began the quest for the
                  | Orb.
     0 | D:1      | Reached XP level 1. HP: 18/18 MP: 1/1
    50 | D:1      | Reached XP level 2. HP: 20/24 MP: 2/2
   585 | D:1      | Reached XP level 3. HP: 18/29 MP: 3/3
  1164 | D:2      | Identified the +8 trident "Eprunkog" {freeze, rPois rC+
                  | rCorr Stlth+}
  1214 | D:2      | Reached XP level 4. HP: 37/37 MP: 4/4
  1673 | D:3      | Reached skill level 4 in Fighting
  1673 | D:3      | Reached skill level 1 in Polearms
  1678 | D:3      | Reached skill level 5 in Shields
  1678 | D:3      | Reached XP level 5. HP: 28/42 MP: 5/5
  1779 | D:3      | Noticed GiantSquids's ghost (amateur OpTm)
  1841 | D:3      | Reached XP level 6. HP: 45/49 MP: 6/6
  2120 | D:3      | Found a transporter.
  2196 | D:3      | Found a broken altar of Ashenzari.
  2274 | D:3      | Found a transporter.
  2523 | D:4      | Noticed Blork the orc
  2529 | D:4      | Killed Blork the orc
  2591 | D:4      | Found a sacrificial altar of Ru.
  2624 | D:4      | Reached XP level 7. HP: 55/55 MP: 7/7
  2650 | D:4      | Reached skill level 5 in Fighting
  2650 | D:4      | Reached skill level 5 in Armour
  2849 | D:4      | Found an ornate altar of the Wu Jian Council.
  2949 | D:4      | Found a shadowy altar of Dithmenos.
  2955 | D:4      | Found a snail-covered altar of Cheibriados.
  2960 | D:4      | Found a hazy altar of Hepliaklqana.
  3098 | D:5      | Entered Level 5 of the Dungeon
  3107 | D:4      | Reached XP level 8. HP: 43/63 MP: 8/8
  3405 | D:5      | Found a runed translucent door.
  3406 | D:5      | Noticed Crazy Yiuf
  3568 | D:5      | Reached skill level 6 in Fighting
  3671 | D:5      | Found a stormy altar of Qazlal.
  3870 | D:5      | Killed Crazy Yiuf
  3932 | D:6      | Found an iron altar of Okawaru.
  3953 | D:6      | Found a glowing golden altar of the Shining One.
  4032 | D:6      | Found a runed translucent gate.
  4033 | D:6      | Found a runed translucent gate.
  4033 | D:6      | Found an opulent altar of Gozag.
  4033 | D:6      | Found a runed translucent gate.
  4035 | D:6      | Noticed TrayleKats's ghost (novice NaWr)
  4130 | D:6      | Reached skill level 5 in Polearms
  4130 | D:6      | Reached XP level 9. HP: 39/71 MP: 9/9
  4132 | D:6      | Reached skill level 7 in Fighting
  4134 | D:6      | HP: 5/108 [warg (12)]
  4377 | D:6      | Reached skill level 8 in Fighting
  4650 | D:6      | Reached skill level 9 in Fighting
  4657 | D:6      | Reached XP level 10. HP: 24/83 MP: 10/10
  5038 | D:6      | Learned a level 3 spell: Vhi's Electric Charge
  5069 | D:6      | Reached skill level 10 in Fighting
  5069 | D:6      | Reached skill level 1 in Translocations
  5093 | D:6      | Identified the +9 sling of Analysis {flame, rC+ Dex+8}
  5793 | D:6      | Found a bloodstained altar of Trog.
  5859 | D:7      | Found a staircase to the Ecumenical Temple.
  5871 | Temple   | Entered the Ecumenical Temple
  6081 | D:6      | Became a worshipper of Warmaster Okawaru
  6344 | D:7      | Found an opulent altar of Gozag.
  6363 | D:7      | Found a radiant altar of Vehumet.
  6511 | D:7      | Noticed Cecillian's ghost (novice DgFi)
  6512 | D:7      | Found a transporter.
  6653 | D:8      | Reached * piety under Okawaru
  6667 | D:8      | Noticed Maurice
  6701 | D:8      | Killed Maurice
  6702 | D:8      | Reached XP level 11. HP: 70/92 MP: 11/11
  6847 | D:8      | Reached skill level 11 in Fighting
  6987 | D:8      | Noticed Psyche
  6995 | D:8      | Killed Psyche
  6995 | D:8      | Reached ** piety under Okawaru
  6996 | D:8      | Reached skill level 1 in Throwing
  6996 | D:8      | Reached skill level 1 in Spellcasting
  7193 | D:8      | Learned a level 5 spell: Lee's Rapid Deconstruction
  7442 | D:9      | Found a flagged portal.
  7483 | Bailey   | Entered a bailey
  7653 | Bailey   | Noticed an orc knight
  7666 | Bailey   | Identified a scroll of acquirement
  7667 | Bailey   | Acquired a manual of Fighting
  7856 | Bailey   | Killed an orc knight
  7856 | Bailey   | Reached *** piety under Okawaru
  7857 | Bailey   | Reached skill level 10 in Polearms
  7857 | Bailey   | Reached skill level 1 in Evocations
  7962 | Bailey   | Found a large runed translucent door.
  7962 | Bailey   | Found a large runed translucent door.
  7963 | Bailey   | Noticed a deep elf pyromancer
  8019 | Bailey   | Killed a deep elf pyromancer
  8042 | Bailey   | Identified the +3 chain mail of the Salamander {Fly Dex+4}
  8144 | D:9      | Noticed a boulder beetle
  8148 | D:9      | Received a gift from Okawaru
  8315 | D:9      | Reached skill level 12 in Fighting
  8394 | D:9      | Reached **** piety under Okawaru
  8744 | D:9      | Found a shimmering blue altar of Sif Muna.
  9029 | D:10     | Entered Level 10 of the Dungeon
  9170 | D:9      | Received a gift from Okawaru
  9390 | D:10     | Noticed Lodul
  9425 | D:10     | Reached skill level 1 in Invocations
  9425 | D:10     | Reached XP level 12. HP: 91/97 MP: 1/15
  9427 | D:10     | Killed Lodul
  9433 | D:10     | Reached ***** piety under Okawaru
  9676 | D:10     | Found a burning altar of Makhleb.
  9678 | D:10     | Noticed a green death
  9739 | D:10     | Noticed Josephine
  9747 | D:10     | Killed Josephine
  9748 | D:10     | Reached skill level 13 in Fighting
  9914 | D:10     | Reached skill level 5 in Throwing
 10007 | D:10     | Identified the +3 scale mail of Cup Maub {Int+7} (Okawaru
                  | gifted it to you on level 10 of the Dungeon)
 10007 | D:10     | Received a gift from Okawaru
 10091 | D:10     | Reached skill level 5 in Evocations
 10239 | D:10     | Learned a level 4 spell: Olgreb's Toxic Radiance
 10307 | D:11     | Noticed a boulder beetle
 10321 | D:10     | Reached skill level 1 in Poison Magic
 10405 | D:11     | Killed a boulder beetle
 10572 | D:11     | Noticed a two-headed ogre
 10582 | D:11     | Killed a two-headed ogre
 10704 | D:11     | Found a staircase to the Lair.
 10715 | D:11     | Reached skill level 14 in Fighting
 10715 | D:11     | Reached skill level 5 in Invocations
 11388 | D:3      | Killed GiantSquids's ghost
 11403 | D:3      | Identified the +0 ring mail of Yppejim {rElec rCorr Str-4}
 11594 | D:6      | Killed TrayleKats's ghost
 11743 | D:7      | Found a transporter.
 11750 | D:7      | Reached XP level 13. HP: 110/113 MP: 14/17
 11767 | D:7      | Killed Cecillian's ghost
 11978 | Lair:1   | Entered Level 1 of the Lair of Beasts
 12149 | Lair:1   | Reached skill level 1 in Stealth
 12176 | Lair:1   | Reached skill level 1 in Dodging
 12186 | Lair:1   | Noticed Urug
 12197 | Lair:1   | Killed Urug
 12291 | Lair:1   | Found a dark tunnel.
 12377 | Lair:1   | Identified the +3 scale mail "Guelesh" {MP+9} (Okawaru
                  | gifted it to you on level 1 of the Lair of Beasts)
 12377 | Lair:1   | Received a gift from Okawaru
 13044 | Lair:1   | Reached ****** piety under Okawaru
 13056 | Lair:1   | Noticed Grum
 13083 | Lair:1   | Killed Grum
 13549 | Lair:2   | Found a gate leading to a gauntlet.
 13579 | Gauntlet | Entered a Gauntlet
 13579 | Gauntlet | Found a transporter.
 13579 | Gauntlet | Found a large runed translucent door.
 13579 | Gauntlet | Found a large runed translucent door.
 13579 | Gauntlet | Found a large runed translucent door.
 13579 | Gauntlet | Found a large runed translucent door.
 13579 | Gauntlet | Found a large runed translucent door.
 13579 | Gauntlet | Found a large runed translucent door.
 13579 | Gauntlet | Found a runed translucent door.
 13579 | Gauntlet | Found a runed translucent door.
 13579 | Gauntlet | Found a large runed translucent door.
 13579 | Gauntlet | Found a large runed translucent door.
 13579 | Gauntlet | Found a large runed translucent door.
 13579 | Gauntlet | Found a large runed translucent door.
 13579 | Gauntlet | Found a large runed translucent door.
 13579 | Gauntlet | Found a large runed translucent door.
 13580 | Gauntlet | Found a large runed translucent door.
 13580 | Gauntlet | Found a large runed translucent door.
 13580 | Gauntlet | Found a large runed translucent door.
 13580 | Gauntlet | Found a large runed translucent door.
 13587 | Gauntlet | Found a transporter.
 13588 | Gauntlet | Found a runed translucent gate.
 13588 | Gauntlet | Found a runed translucent gate.
 13588 | Gauntlet | Found a runed translucent gate.
 13589 | Gauntlet | Found a transporter.
 13590 | Gauntlet | Found a transporter.
 13593 | Gauntlet | Found a transporter.
 13594 | Gauntlet | Found a transporter.
 13620 | Gauntlet | Found a transporter.
 13622 | Gauntlet | Found a transporter.
 13730 | Gauntlet | Identified the +0 hat of Oblivion {Int+3}
 13907 | Gauntlet | Identified the +1 cloak of Vobegg {Harm +Blink Will-}
 13953 | Gauntlet | Noticed a ghost crab
 14092 | Gauntlet | Noticed a minotaur
 14102 | Gauntlet | Killed a minotaur
 14122 | Gauntlet | Reached skill level 5 in Stealth
 14608 | Lair:2   | Found a hole to the Spider Nest.
 15150 | Lair:2   | Found a staircase to the Shoals.
 15249 | D:11     | Found a staircase to the Orcish Mines.
 15554 | Orc:1    | Entered Level 1 of the Orcish Mines
 15562 | Orc:1    | Received a gift from Okawaru
 15563 | Orc:1    | Reached skill level 5 in Spellcasting
 15673 | Orc:1    | Identified the +3 buckler "Jick" {Int+3} (Okawaru gifted it
                  | to you on level 1 of the Orcish Mines)
 15673 | Orc:1    | Received a gift from Okawaru
 15760 | Orc:1    | Noticed an ogre mage
 15764 | Orc:1    | Noticed an ogre mage
 15766 | Orc:1    | Killed an ogre mage
 15767 | Orc:1    | Reached XP level 14. HP: 115/121 MP: 12/21
 15781 | Orc:1    | Reached skill level 15 in Fighting
 16491 | Orc:2    | Entered Level 2 of the Orcish Mines
 16491 | Orc:2    | Identified the +7 kite shield of Ifoimum {Rampage rC+ Int+4
                  | Slay+2 Stlth-}
 16491 | Orc:2    | Noticed Donald
 16527 | Arena    | Entered the Arena
 16529 | Arena    | Killed Donald
 16720 | Orc:2    | Found a staircase to the Elven Halls.
 17157 | Orc:2    | Noticed an orc warlord
 17174 | Orc:2    | Killed an orc warlord
 17230 | Orc:2    | Reached skill level 16 in Fighting
 17490 | Orc:2    | Found Apro's General Store.
 17491 | Orc:2    | Found Xumnas's Jewellery Shop.
 17493 | Orc:2    | Found Gusmac's Antique Armour Shop.
 17493 | Orc:2    | Found Zezomoz's Antique Weapon Boutique.
 17500 | Orc:2    | Bought the amulet "Jitakkig" {Faith Will- Str+5 Int+4} for
                  | 678 gold pieces
 17734 | Orc:2    | Noticed Saint Roka
 17766 | Orc:2    | Killed Saint Roka
 17766 | Orc:2    | Received a gift from Okawaru
 18128 | Orc:2    | Bought a distressingly furry chain mail for 323 gold pieces
 18128 | Orc:2    | Identified the +8 chain mail of the Beginning {Harm rF+
                  | Regen+ Str+4} (You bought it in a shop on level 2 of the
                  | Orcish Mines)
 18616 | Lair:3   | Received a gift from Okawaru
 18641 | Lair:3   | Reached skill level 10 in Shields
 18641 | Lair:3   | Reached XP level 15. HP: 133/133 MP: 6/23
 18787 | Lair:3   | Reached skill level 17 in Fighting
 19125 | Lair:3   | Identified the +6 bardiche "Qufuch" {vamp, rElec rPois
                  | Dex+2} (Okawaru gifted it to you on level 3 of the Lair of
                  | Beasts)
 19125 | Lair:3   | Received a gift from Okawaru
 19323 | Lair:3   | Noticed Nessos
 19328 | Lair:3   | Killed Nessos
 19853 | Lair:4   | Received a gift from Okawaru
 20392 | Lair:4   | Received a gift from Okawaru
 21030 | Lair:5   | Entered Level 5 of the Lair of Beasts
 21207 | Lair:5   | Found a staircase to the Slime Pits.
 21339 | Lair:5   | Reached skill level 18 in Fighting
 21370 | Lair:5   | Reached skill level 10 in Armour
 22870 | Spider:1 | Entered Level 1 of the Spider Nest
 22886 | Spider:1 | Received a gift from Okawaru
 22980 | Spider:1 | Reached XP level 16. HP: 90/138 MP: 16/24
 22991 | Spider:1 | Slain by a spark wasp

Illustrated notes

Levels and vault maps discovered:
D:1:      lightli_arrival_statue_moat, layout_loops_corners, feat_on_display
D:2:      minmay_chambers_of_twos, layout_rooms
D:3:      layout_basic, lemuel_round_altar, gammafunk_ghost_mausoleum,
          minmay_misc_feat_roman
D:4:      layout_rooms, nicolae_ru_awakened_eye,
          minmay_overflow_temple_star_quad, nicolae_wu_jian_wuxing_cycle,
          kennysheep_generic_room_7, uniq_blork_the_orc
D:5:      layout_rooms, lemuel_doored_altar, uniq_crazy_yiuf_cottage
D:6:      lemuel_castle_with_subvaults [lemuel_castle_interior_carwin_1],
          layout_rooms, kennysheep_mini, mainiacjoe_overflow_catch_the_wave,
          ebering_ghost_gozag
D:7:      layout_cave_pools, grunt_gozag_statues, nicolae_vehumet_altar_sigil,
          minmay_temple_entry_slanted, gammafunk_ghost_smash
D:8:      layout_rooms, uniq_psyche, uniq_maurice
D:9:      layout_loops_cross, lemuel_blue_sif_altar, enter_bailey_5,
          wad_dig_loot
D:10:     layout_grid_maze, makhleb_altar_promises_db,
          nicolae_concentric_dashed_squares_mild, uniq_josephine, uniq_lodul
D:11:     layout_big_octagon, due_lair_maze_entry_diamond, erik_orc_2,
          minmay_misc_feat_tower
Temple:   nicolae_temple_bog_church
Lair:1:   minmay_lair_oklob_tunnel, layout_hall_layers,
          nicolae_volcano_entry_lava_flow, special_room [special_room_bee],
          lemuel_fruit_fields, uniq_urug, uniq_grum
Lair:2:   layout_regular_city, minmay_shoals_entry_lonely_mermaid,
          nicolae_spider_entry_non_spiders, gauntlet_entry_generic,
          serial_bayou_shore_a
Lair:3:   layout_layer_cave, uniq_nessos
Lair:4:   layout_cave_pods, pond, grunt_megastairs_1
Lair:5:   minmay_lair_end_enchanted_forest, layout_misc_corridors,
          minmay_slime_entry_oklob_enclosed, wad_woods_06,
          gammafunk_lair_bear_cave
Spider:1: layout_spider_delve, nicolae_spider_some_kinda_spiderbox
Orc:1:    hellmonk_paralyzer, layout_diamond_mine
Orc:2:    st_orc_congregation, layout_caves, basic_altar, uniq_saint_roka,
          uniq_donald

Skill      XL: |  1  2  3  4  5  6  7  8  9 10 11 12 13 14 15 |
---------------+----------------------------------------------+-----
Fighting       | 4 5 6 9 10 12 14 16 18 | 18.2
Polearms       | 1 2 3 5 7 9 10 11 12 | 12.2
Armour         | 4 5 6 8 10 | 10.5
Shields        | 5 6 7 10 12 | 12.3
Translocations | 3 |  3.9
Throwing       | 4 6 8 |  8.4
Spellcasting   | 2 5 |  5.8
Evocations     | 3 6 |  6.2
Invocations    | 1 5 7 |  7.4
Poison Magic   | 3 4 |  4.2
Stealth        | 5 |  5.0
Dodging        | 4 |  4.4
Maces & Flails | |  2.5

Action                   |  1- 3 |  4- 6 |  7- 9 | 10-12 | 13-15 | 16-18 || total
-------------------------+-------+-------+-------+-------+-------+-------++-------
Melee: Flail             |    88 |       |       |       |       |       ||    88
       Trident           |     4 |   107 |   213 |   637 |   976 |       ||  1937
       Bardiche          |       |       |       |       |    11 |     8 ||    19
Throw: Javelin           |       |       |       |    31 |    63 |       ||    94
       Throwing net      |       |       |       |     1 |     2 |       ||     3
Invok: Heroism           |       |       |       |     3 |     8 |       ||    11
       Finesse           |       |       |       |       |     2 |     1 ||     3
       Duel              |       |       |       |       |     1 |       ||     1
 Abil: Dig               |       |       |     1 |     5 |     5 |       ||    11
Evoke: Wand              |       |       |       |     7 |     1 |       ||     8
  Use: Scroll            |       |    11 |     4 |     5 |    12 |       ||    32
       Potion            |       |       |     4 |       |     4 |     1 ||     9
 Stab: Held in net/web   |       |       |       |     1 |       |       ||     1
       Sleeping          |       |       |       |       |     1 |       ||     1
Armor: Scale mail        |    36 |    25 |    25 |       |    26 |       ||   112
       Skin              |       |       |    38 |       |       |       ||    38
       Chain mail        |       |       |    18 |   145 |   160 |    10 ||   333
Dodge: Dodged            |    43 |    25 |    74 |   285 |   327 |    34 ||   788
Block: Buckler           |    20 |    15 |    43 |   130 |    80 |       ||   288
       Kite shield       |       |       |       |       |   467 |    41 ||   508

Table legend: (Time is in decaauts)
 A = Elapsed time spent in this place.
 B = Non-inter-level travel time spent in this place.
 C = Inter-level travel time spent in this place.
 D = Time resting spent in this place.
 E = Time spent auto-exploring this place.
 F = Levels seen in this place.
 G = Mean time per level.
                   A        B        C        D        E       F      G
               +--------+--------+--------+--------+--------+-----+--------+
         Total |  22782 |  21485 |   1297 |   1106 |  15503 |  23 |  990.5 |
       Dungeon |  11590 |  10826 |    764 |    533 |   7866 |  11 | 1053.6 |
        Temple |    166 |    154 |     12 |      0 |    148 |   1 |  166.0 |
          Lair |   7033 |   6726 |    307 |      0 |   5630 |   5 | 1406.6 |
   Spider Nest |    119 |    119 |      0 |      0 |     72 |   1 |  119.0 |
  Orcish Mines |   2566 |   2353 |    213 |    141 |   1587 |   2 | 1283.0 |
        Bailey |    605 |    605 |      0 |     32 |    185 |   1 |  605.0 |
      Gauntlet |    680 |    680 |      0 |    400 |      8 |   1 |  680.0 |
         Arena |     21 |     21 |      0 |      0 |      5 |   1 |   21.0 |
               +--------+--------+--------+--------+--------+-----+--------+

Top non-repeatable levels by time:
     D:6: 2140 daAuts
  Lair:5: 1740 daAuts
  Lair:3: 1520 daAuts
  Lair:1: 1512 daAuts
   Orc:2: 1428 daAuts
    D:10: 1308 daAuts
  Lair:4: 1213 daAuts
    D:11: 1208 daAuts
   Orc:1: 1137 daAuts
     D:9: 1112 daAuts
     D:3: 1076 daAuts
     D:1: 1070 daAuts
  Lair:2: 1047 daAuts
     D:8: 851 daAuts
     D:4: 758 daAuts
